 Dungeon Crawl Stone Soup version 0.31-a0-1576-ga3383bade6 (webtiles) character file.

Game seed: 13958693549219066945

105 Xavori the Trooper (level 5, 0/36 HPs)
             Began as a Djinni Chaos Knight on Jan 4, 2024.
             Was a Plaything of Xom.
             Slain by Crazy Yiuf
             ... wielding a +3 quarterstaff of chaos
              (4 damage)
             ... on level 3 of the Dungeon.
             The game lasted 00:01:39 (7955 turns).

Xavori the Trooper (Djinni Chaos Knight)            Turns: 7955, Time: 00:01:39

Health: 0/36       AC: 13    Str: 11    XL:     5   Next: 9%
Gold:   112        EV: 12    Int: 14    God:    Xom [.*....] SH:  0 Dex: 14

rFire   + + .        a - +0 falchion (chaos)
rCold   x . .        (no shield)
rNeg    . . .        b - +2 leather armour
rPois   ∞            (no helmet)
rElec   .            (no cloak)
rCorr   .            (no gloves)
SInv    .            (boots unavailable)
Will    .....        (no amulet)
Stlth   +            q - +4 ring of protection
HPRegen 0.26/turn    (no ring)
MPRegen 0.00/turn

%: random rage (3%), infuse magic (-1 HP)
@: weak-willed, flying
A: sickness immunity, fire resistance 2, cold vulnerability 1, float, innate
caster, HP casting, extra vitality 1, claws 1, iridescent scales 2, berserk 1,
frail 1
a: Renounce Religion


You were on level 3 of the Dungeon.
You worshipped Xom.
You were a plaything of Xom.
You visited 1 branch of the dungeon, and saw 3 of its levels.

You collected 112 gold pieces.

Inventory:

Hand Weapons
 a - a +0 falchion of chaos (weapon)
Armour
 b - a +2 leather armour (worn)
Jewellery
 q - a +4 ring of protection (left claw)
Scrolls
 c - a scroll of butterflies
 g - 2 scrolls of amnesia {unknown}
 h - a scroll of vulnerability {unknown}
 k - a scroll of noise {unknown}
 l - 3 scrolls of teleportation {unknown}
 n - a scroll of enchant armour {unknown}
 o - a scroll of summoning {unknown}
 p - 2 scrolls of identify {unknown}
 r - a scroll of immolation {unknown}
Potions
 d - 2 potions of heal wounds {unknown}
 e - 2 potions of curing {unknown}
 f - a potion of lignification {unknown}
 i - 2 potions of cancellation {unknown}
 j - a potion of enlightenment {unknown}
 m - a potion of attraction {unknown}
 s - a potion of mutation {unknown}
 t - a potion of might {unknown}


   Skills:
 + Level 3.4 Fighting
 + Level 3.1 Long Blades
 + Level 1.9 Armour
 + Level 2.9 Dodging
 * Level 1.7 Spellcasting
 * Level 1.7 Conjurations
 * Level 1.7 Hexes
   Level 0.0 Charms
 * Level 1.7 Summonings
 * Level 1.7 Necromancy
 * Level 1.7 Translocations
   Level 0.0 Transmutations
 * Level 1.7 Fire Magic
 * Level 1.7 Ice Magic
 * Level 1.7 Air Magic
 * Level 1.7 Earth Magic
 * Level 1.7 Alchemy


You knew the following spells:

 Your Spells              Type           Power      Damage    Failure   Level
a - Foxfire               Conj/Fire      24%        2x1d5     16%         1
b - Static Discharge      Conj/Air       12%        3-4/arc   24%         2
Your spell library was empty.

Dungeon Overview and Level Annotations

Branches:
Dungeon (3/15)

Altars:
Dithmenos
Xom
Yredelemnul

Annotations:
D:3 Crazy Yiuf


Innate Abilities, Weirdness & Mutations

You are immune to sickness and miasma.
You are immune to poison.
Your flesh is very heat resistant. (rF++)
You are vulnerable to cold. (rC-)
You float through the air rather than walking.
You learn spells naturally, not from books.
Your magical power is your life essence.
You have superior vitality. (+4 MHP)
You have sharp fingernails.
You are mostly covered in iridescent scales. (AC +4)
You sometimes lose your temper in combat.
You are frail. (-10% HP)


Message History

The orc is almost dead.
The orc barely misses you.
An orc is nearby!
You hit the orc.
You kill the orc!
Key pressed, stopping explore.
No target in view!
Key pressed, stopping explore.
No target in view!
No target in view!
You feel yourself speed up.
HP restored.
Things that are here:
a +0 morningstar; an orc corpse You recover from your berserk rage.
Things that are here:
a +0 morningstar; an orc corpse Key pressed, stopping explore.
No target in view!
There is an open door here.
Crazy Yiuf shouts!
No reachable target in view!
Could not explore, unopened runed door.
No reachable target in view!
Could not explore, unopened runed door.
No reachable target in view!
No reachable target in view!
As you open the door, it creaks loudly!
You hit Crazy Yiuf but do no damage.
Crazy Yiuf hits you with a +3 quarterstaff of chaos!
Crazy Yiuf freezes you!
You hit Crazy Yiuf. You freeze Crazy Yiuf.
Crazy Yiuf is moderately wounded.
Crazy Yiuf hits you with a +3 quarterstaff of chaos!
* * * LOW HITPOINT WARNING * * *
Your willpower is stripped away!
You hit Crazy Yiuf.
Crazy Yiuf is moderately wounded.
Crazy Yiuf hits you with a +3 quarterstaff of chaos.
You die...

#.###.# #.# #.# #.#
#.# #.# #.### #####
#.###...# #)..#
###### #.#....##
#...# #....######
#.#.##.## ...
#.........##
#.#.:...# #g#
#.........+.
#.####..# ♣@♣♣
#.........##
#.......# ♣♣.♣
#..........'
#####.### ♣.♣♣
#####..)..## #.#
♣♣.♣ #.....##
#####)### ♣♣.♣♣
#.....## #...†>..#
♣♣...♣ #.<...##
#.###.### ♣....♣
#.....# #.###'##
#....# #######
#.#....######..#####


You could see Crazy Yiuf.

Vanquished Creatures
  A bombardier beetle (D:2)
  2 adders (D:2)
  3 dart slugs
  An orc (D:3)
  2 ball pythons
  5 endoplasms
  3 giant cockroaches
  3 goblins
  3 hobgoblins
  3 jackals (D:3)
  7 kobolds
  5 bats
  A frilled lizard (D:1)
  3 rats (D:1)
42 creatures vanquished.

Vanquished Creatures (collateral kills)
  A bat zombie (D:2)
  A jackal (D:3)
  A rat (D:3)
3 creatures vanquished.

Grand Total: 45 creatures vanquished

Notes
Turn   | Place    | Note
-------+----------+-------------------------------------------
     0 | D:1      | Xavori the Djinni Chaos Knight began the quest for the Orb.
     0 | D:1      | Reached XP level 1. HP: 20/20 MP: 0/0
   135 | D:1      | Reached XP level 2. HP: 25/25 MP: 0/0
   147 | D:1      | XOM: divination: detect creatures
   416 | D:1      | XOM: silly message
   587 | D:1      | Reached XP level 3. HP: 30/30 MP: 0/0
   587 | D:1      | Learned a level 1 spell: Foxfire
   649 | D:1      | Reached skill level 1 in Spellcasting
   649 | D:1      | Reached skill level 1 in Conjurations
   649 | D:1      | Reached skill level 1 in Hexes
   649 | D:1      | Reached skill level 1 in Summonings
   649 | D:1      | Reached skill level 1 in Necromancy
   649 | D:1      | Reached skill level 1 in Translocations
   649 | D:1      | Reached skill level 1 in Fire Magic
   649 | D:1      | Reached skill level 1 in Ice Magic
   649 | D:1      | Reached skill level 1 in Air Magic
   649 | D:1      | Reached skill level 1 in Earth Magic
   649 | D:1      | Reached skill level 1 in Alchemy
  1211 | D:1      | XOM: cloud trail
  1281 | D:1      | XOM: give mutations
  1281 | D:1      | Gained mutation: You are resistant to electric shocks.
                  | (rElec) [Xom's mischief]
  1281 | D:1      | Gained mutation: You have a pair of small antennae on your
                  | head. [Xom's mischief]
  1281 | D:1      | Gained mutation: You are strong-willed. (Will+) [Xom's
                  | mischief]
  2099 | D:1      | XOM: god gift: +4 shortbow of chaos
  2863 | D:1      | XOM: silly message
  2944 | D:1      | XOM: cloud trail
  3377 | D:1      | XOM: god gift: ichor-stained plate armour {god gift}
  3377 | D:1      | Identified the +0 plate armour of Moral Flaws {Int+3 Dex+3}
                  | (Xom gifted it to you on level 1 of the Dungeon)
  3675 | D:1      | XOM: draining
  4584 | D:1      | XOM: 3-stop teleportation journey
  5981 | D:1      | XOM: give mutations
  5981 | D:1      | Gained mutation: You are partially covered in iridescent
                  | scales. (AC +2) [Xom's grace]
  5981 | D:1      | Gained mutation: Your muscles are strong. (Str +4, Int/Dex
                  | -1) [Xom's grace]
  6054 | D:1      | XOM: give mutations
  6054 | D:1      | Gained mutation: You are mostly covered in iridescent
                  | scales. (AC +4) [Xom's grace]
  6054 | D:1      | Gained mutation: You are agile. (Dex +4, Str/Int -1) [Xom's
                  | grace]
  6315 | D:1      | XOM: give mutation
  6506 | D:1      | XOM: give mutations
  6506 | D:1      | Lost mutation: You are resistant to electric shocks.
                  | (rElec) [Xom's mischief]
  6506 | D:1      | Lost mutation: You are strong-willed. (Will+) [Xom's
                  | mischief]
  6506 | D:1      | Lost mutation: Your muscles are strong. (Str +4, Int/Dex
                  | -1) [Xom's mischief]
  6506 | D:1      | Gained mutation: You have hidden genetic defects. [Xom's
                  | mischief]
  6577 | D:2      | Found a faded altar of an unknown god.
  6583 | D:2      | XOM: enchant monster (good)
  6592 | D:2      | Reached XP level 4. HP: 29/35 MP: 0/0
  6605 | D:2      | Gained mutation: You are frail. (-10% HP) [hidden defects]
  6856 | D:2      | Gained mutation: You sometimes lose your temper in combat.
                  | [hidden defects]
  6856 | D:2      | Lost mutation: You have hidden genetic defects. [hidden
                  | defects expressed]
  7304 | D:3      | XOM: give mutations
  7304 | D:3      | Lost mutation: You have a pair of small antennae on your
                  | head. [Xom's mischief]
  7304 | D:3      | Gained mutation: You have sharp fingernails. [Xom's
                  | mischief]
  7304 | D:3      | Lost mutation: You are agile. (Dex +4, Str/Int -1) [Xom's
                  | mischief]
  7346 | D:3      | Found a basalt altar of Yredelemnul.
  7463 | D:3      | XOM: 2-stop teleportation journey
  7559 | D:3      | Found a runed translucent door.
  7560 | D:3      | Noticed Crazy Yiuf
  7593 | D:3      | Reached XP level 5. HP: 36/36 MP: 0/0
  7593 | D:3      | Learned a level 2 spell: Static Discharge
  7593 | D:3      | Found a shimmering altar of Xom.
  7594 | D:3      | Found a shadowy altar of Dithmenos.
  7955 | D:3      | Slain by Crazy Yiuf

Illustrated notes

Levels and vault maps discovered:
D:1:      reono_arrival_mine, layout_basic, st_stairs_14
D:2:      layout_loops_cross, shapermc_ecumenical_altar_gd
D:3:      layout_basic, mainiacjoe_overflow_concentric_impassable,
          grunt_temple_overflow_open, uniq_crazy_yiuf_cottage

Skill      XL: |  1  2  3 |
---------------+----------+-----
Spellcasting   | 1 |  1.7
Conjurations   | 1 |  1.7
Hexes          | 1 |  1.7
Summonings     | 1 |  1.7
Necromancy     | 1 |  1.7
Translocations | 1 |  1.7
Fire Magic     | 1 |  1.7
Ice Magic      | 1 |  1.7
Air Magic      | 1 |  1.7
Earth Magic    | 1 |  1.7
Alchemy        | 1 |  1.7
Long Blades    | 3 |  3.1
Fighting       | |  3.4
Armour         | |  1.9
Dodging        | |  2.9

Action                     |  1- 3 |  4- 6 || total
---------------------------+-------+-------++-------
  Melee: Falchion          |    56 |    62 ||   118
         Punch             |     1 |       ||     1
   Stab: Sleeping          |       |     2 ||     2
 Armour: Leather armour    |    15 |    40 ||    55
  Dodge: Dodged            |    33 |    39 ||    72

Table legend: (Time is in decaauts)
 A = Elapsed time spent in this place.
 B = Non-inter-level travel time spent in this place.
 C = Inter-level travel time spent in this place.
 D = Time resting spent in this place.
 E = Time spent auto-exploring this place.
 F = Levels seen in this place.
 G = Mean time per level.
                   A        B        C        D        E       F      G
               +--------+--------+--------+--------+--------+-----+--------+
         Total |   8010 |   7892 |    118 |   5778 |   1783 |   3 | 2670.0 |
       Dungeon |   8010 |   7892 |    118 |   5778 |   1783 |   3 | 2670.0 |
               +--------+--------+--------+--------+--------+-----+--------+

Top non-repeatable levels by time:
     D:1: 6512 daAuts
     D:3: 805 daAuts
     D:2: 693 daAuts
